 Dungeon Crawl Stone Soup version 0.27.1-2-g3b301248ec (webtiles) character file.

Game seed: 3681301124530413878

270 Borgoz the Ruffian (level 6, -2/53 HPs)
             Began as a Ghoul Monk on Sept 28, 2021.
             Killed by divine providence
             ... invoked by an orc priest
              (11 damage)
             ... on level 3 of the Dungeon.
             The game lasted 00:02:11 (2077 turns).

Borgoz the Ruffian (Ghoul Monk)                     Turns: 2077, Time: 00:02:12

Health: -2/53      AC:  8    Str: 15    XL:     6   Next: 22%
Magic:  5/5        EV:  7    Int:  5    God:
Gold:   37         SH:  0    Dex: 13    Spells: 5/5 levels left

rFire    . . .     SeeInvis .     - Unarmed
rCold    + . .     Faith    .   (no shield)
rNeg     + + +     Spirit   .   f - +0 chain mail
rPois    ∞         Reflect  .   (no helmet)
rElec    .         Harm     .   (no cloak)
rCorr    +         Rampage  .   (no gloves)
Will     .....                  (no boots)
Stlth    ..........             (no amulet)
HPRegen  0.00/turn              a - ring of resist corrosion
MPRegen  0.09/turn              (no ring)

@: inhibited regen
A: claws 1, cold resistance 1, negative energy resistance 3, inhibited
regeneration, torment resistance 2
a: no special abilities


You were on level 3 of the Dungeon.
You visited 1 branch of the dungeon, and saw 4 of its levels.

You collected 37 gold pieces.

Inventory:

Armour
 f - a +0 chain mail (worn)
Jewellery
 a - a ring of resist corrosion (left claw)
Scrolls
 d - a scroll of teleportation
Potions
 b - a potion of heal wounds


   Skills:
 + Level 4.6 Fighting
 + Level 2.2 Armour
 + Level 3.8 Dodging
 - Level 2.6 Stealth
 + Level 4.6 Unarmed Combat


You had 5 spell levels left.
You didn't know any spells.
Your spell library contained the following spells:

 Spells                   Type           Power      Damage    Failure   Level
 Animate Armour           Summ/Erth      0%         N/A       100%        4
 Iron Shot                Conj/Erth      0%         9d1       100%        6
 Blade Hands              Tmut           Unusable   N/A       N/A         5

Dungeon Overview and Level Annotations

Branches:
Dungeon (4/15)
 Temple: D:4-7

Altars:


Innate Abilities, Weirdness & Mutations

You thrive by killing the living.
You are immune to poison.
You have sharp fingernails.
Your flesh is cold resistant. (rC+)
You are immune to negative energy. (rN+++)
You do not regenerate when monsters are visible.
You are immune to unholy pain and torment.


Message History

An orc priest comes into view. It is wielding a +0 war axe.
The orc priest shouts!
An orc comes into view. It is wielding a +0 flail.
The orc hits you but does no damage.
You scratch the orc but do no damage.
The orc priest looks braver for a moment.
You barely miss the orc. The orc hits you with a +0 dagger.
You barely miss the orc. The orc hits you but does no damage.
You scratch the orc.
The orc is heavily wounded.
The orc hits you with a +0 dagger. The orc barely misses you.
You claw the orc!
You kill the orc!
You feel better. The orc hits you but does no damage.
You closely miss the orc. You barely miss the orc priest.
The orc hits you but does no damage.
The orc priest mumbles some strange prayers to Beogh against you.
Beogh smites you!
Your chain mail prevents you from hitting the orc priest.
The orc barely misses you. The orc priest barely misses you.
You scratch the orc priest.
The orc priest is lightly wounded.
The orc hits you with a +0 flail. The orc hits you but does no damage.
The orc priest hits you with a +0 war axe!
You barely miss the orc priest.
The orc priest is lightly wounded.
The orc barely misses you. The orc hits you with a +0 dagger.
The orc priest calls down the wrath of Beogh upon you.
Beogh smites you!
You completely miss the orc priest.
The orc priest is lightly wounded.
The orc hits you with a +0 flail!
* * * LOW HITPOINT WARNING * * *
The orc hits you with a +0 dagger.
* * * LOW HITPOINT WARNING * * *
You closely miss the orc priest.
The orc priest is lightly wounded.
The orc priest invokes the aid of Beogh against you.
Beogh smites you!
You die...

....... #...#
#..>###
#.....#
#.#!#.# #
#.#.#.#
#.##.....####
#....oo......
#.@o..#
#.....#.#
#.#.###.#
#..?.# .#
#.....#
#.......
.........
#....$...


You could see an orc priest and 2 orcs.

Vanquished Creatures
  A water moccasin skeleton (D:4)
  A hound (D:4)
  A centaur skeleton (D:4)
  Terence (D:2)
  Natasha (thrice) (D:4)
  4 adders (D:2)
  A dart slug (D:1)
  An orc (D:3)
  2 bats
  2 endoplasms
  A hobgoblin (D:1)
  3 jackals (D:1)
  7 kobolds
  4 ball pythons
  2 goblins
  4 rats
38 creatures vanquished.

Notes
Turn   | Place    | Note
-------+----------+-------------------------------------------
     0 | D:1      | Borgoz the Ghoul Monk began the quest for the Orb.
     0 | D:1      | Reached XP level 1. HP: 19/19 MP: 0/0
   340 | D:1      | Reached XP level 2. HP: 26/26 MP: 1/1
  1043 | D:2      | Noticed Terence
  1058 | D:2      | Killed Terence
  1059 | D:2      | Reached XP level 3. HP: 8/33 MP: 2/2
  1401 | D:2      | Reached skill level 1 in Armour
  1401 | D:2      | Reached XP level 4. HP: 40/40 MP: 3/3
  1537 | D:2      | You fall into a shaft and drop 2 floors!
  1672 | D:4      | Noticed Natasha
  1680 | D:4      | Killed Natasha
  1681 | D:4      | Reached XP level 5. HP: 33/46 MP: 4/4
  1698 | D:4      | Noticed Natasha
  1708 | D:4      | Killed Natasha
  1722 | D:4      | Noticed Natasha
  1729 | D:4      | Killed Natasha
  1944 | D:4      | Reached XP level 6. HP: 35/53 MP: 5/5
  2077 | D:3      | Killed from afar by an orc priest

Illustrated notes

Levels and vault maps discovered:
D:1:      heliophobic_arrival_enchanted_forest, layout_loops_cross,
          serial_park_tiny_pond
D:2:      layout_basic, hellmonk_ecumenical_altar_watching_god, uniq_terence,
          uniq_robin
D:3:      layout_loops_ring, portal_sewer_entry_a
D:4:      layout_layer_cave, temple_doors_e, chequers_jeans,
          chequers_mini_garden, uniq_natasha

Skill      XL: |  1  2  3  4  5 |
---------------+----------------+-----
Dodging        | 3 |  3.8
Armour         | 1 2 |  2.2
Fighting       | 4 |  4.6
Unarmed Combat | 4 |  4.6
Stealth        | |  2.6

Action                   |  1- 3 |  4- 6 || total
-------------------------+-------+-------++-------
Melee: Unarmed           |    77 |    71 ||   148
       Punch             |     2 |     2 ||     4
  Use: Scroll            |       |     2 ||     2
 Stab: Sleeping          |     4 |       ||     4
Armor: Robe              |    13 |       ||    13
       Chain mail        |     7 |    45 ||    52
Dodge: Dodged            |    42 |    20 ||    62
